 Dungeon Sprint DCSS version 0.20.1-1-g8b1a95d (webtiles) character file.

683 potatolord6000 the Covert (level 7, -1/63 HPs)
             Began as a Deep Dwarf Fighter on Aug 28, 2017.
             Slain by a hippogriff (3 damage)
             ... in the Dungeon (Sprint II: "The Violet Keep of Menkaure").
             The game lasted 00:01:06 (73 turns).

potatolord6000 the Covert (Deep Dwarf Fighter)        Turns: 73, Time: 00:01:06

Health: -1/63      AC: 10    Str: 21    XL:     7   Next: 35%
Magic:  9/13       EV:  8    Int:  9    God:
Gold:   243        SH: 11    Dex: 12    Spells: 16/16 levels left

rFire    . . .     SeeInvis .   a - +0 long sword
rCold    . . .     Gourm    .   c - +0 shield
rNeg     . . .     Faith    .   b - +0 scale mail
rPois    .         Spirit   .   (no helmet)
rElec    .         Reflect  .   (no cloak)
rCorr    .         Harm     .   (no gloves)
MR       +....     NoTele   +   (no boots)
Stlth    ++........             (no amulet)
Regen    0.0/turn               (no ring)
MPRegen  0.2/turn               (no ring)

@: non-regenerating
A: damage resistance, heal wounds, slimy green scales 1, deterioration 1, frail
1, low mp 1, sense surroundings 1, screaming 1, subdued magic 1, no regeneration
a: Heal Wounds


You were in the Dungeon.
You were not hungry.

You visited 1 branch You collected 243 gold pieces.

Inventory:

Hand Weapons
 a - a +0 long sword (weapon)
Armour
 b - a +0 scale mail (worn)
 c - a +0 shield (worn)
Scrolls
 k - a scroll of blinking
Potions
 i - 2 potions of magic
Comestibles
 f - a bread ration


   Skills:
 + Level 6.6 Fighting
 + Level 6.9 Long Blades
 + Level 7.9 Armour
 + Level 8.4 Stealth
 + Level 8.0 Shields
 + Level 5.3 Spellcasting


You had 16 spell levels left.
You didn't know any spells.

Dungeon Overview and Level Annotations

Branches:
Dungeon (1/1)

Altars:


Innate Abilities, Weirdness & Mutations

You are resistant to damage.
You can heal yourself by infusing magical energy.
You passively map a small area around you.
You do not regenerate.
You are partially covered in slimy green scales. (AC +2)
Your body sometimes deteriorates upon taking damage.
You are frail. (-10% HP)
Your magical capacity is low. (-10% MP)
You occasionally shout uncontrollably at your foes.
Your spells are a little easier to cast, but a little less powerful.


Message History

The hippogriff bites you. The hippogriff closely misses you.
You block the hippogriff's attack.
Unknown command.
You barely miss the hippogriff.
The hippogriff is almost dead.
The hippogriff bites you but does no damage.
You block the hippogriff's attack. x2
Unknown command.
You closely miss the hippogriff.
The hippogriff is severely wounded.
You block the hippogriff's attack.
The hippogriff pecks you but does no damage.
The hippogriff claws you.
* * * LOW HITPOINT WARNING * * *
Unknown command.
You closely miss the hippogriff.
The hippogriff is severely wounded.
You block the hippogriff's attack. The hippogriff closely misses you.
You block the hippogriff's attack. The hippogriff bites you.
You die...

*+ ++ ,, *
≈ , ,, ,
,, ## ####
≈#.##..#,,
* ≈ #...##
# ##+## .#
, , *
,##.##.# ,
≈+* +.<@H#
, * *
,,,##.##$#
* , * * ≈
, #+#* .#
* , # ≈ +
≈≈ , ≈ ≈ *
≈ * ≈ ≈ ≈
≈≈ ≈ ≈ + ≈
≈


You could see a hippogriff.

Vanquished Creatures
  A hippogriff (D)
  4 neqoxecs (D)
5 creatures vanquished.

Vanquished Creatures (others)
  Menkaure (D)
  A crocodile (D)
2 creatures vanquished.

Grand Total: 7 creatures vanquished

Notes
Turn   | Place    | Note
-------+----------+-------------------------------------------
     0 | D        | potatolord6000 the Deep Dwarf Fighter began the quest for the Orb.
     0 | D        | Reached XP level 1. HP: 20/20 MP: 1/1
     1 | D        | Noticed a neqoxec
     1 | D        | Noticed a neqoxec
     1 | D        | Noticed a neqoxec
     1 | D        | Noticed a neqoxec
     7 | D        | Noticed a quasit
     7 | D        | Gained mutation: You are partially covered in slimy green scales. (AC +2) [a neqoxec]
     9 | D        | Noticed a crimson imp
    11 | D        | Gained mutation: Your body sometimes deteriorates upon taking damage. [a neqoxec]
    15 | D        | Killed a neqoxec
    15 | D        | Reached skill level 5 in Armour
    15 | D        | Reached skill level 5 in Shields
    15 | D        | Reached XP level 2. HP: 4/31 MP: 1/5
    15 | D        | Reached XP level 3. HP: 5/37 MP: 1/7
    15 | D        | Reached XP level 4. HP: 6/45 MP: 1/8
    18 | D        | Gained mutation: You are frail. (-10% HP) [a neqoxec]
    19 | D        | Killed a neqoxec
    19 | D        | Reached skill level 5 in Fighting
    19 | D        | Reached skill level 5 in Long Blades
    19 | D        | Reached XP level 5. HP: 7/46 MP: 1/10
    23 | D        | Killed Menkaure
    26 | D        | Gained mutation: You occasionally shout uncontrollably at your foes. [a neqoxec]
    27 | D        | Killed a neqoxec
    27 | D        | Reached XP level 6. HP: 25/55 MP: 2/12
    28 | D        | Gained mutation: Your magical capacity is low. (-10% MP) [a neqoxec]
    33 | D        | Gained mutation: Your spells are a little easier to cast, but a little less powerful. [a neqoxec]
    37 | D        | Killed a neqoxec
    51 | D        | Noticed a hippogriff
    51 | D        | Noticed a hippogriff
    60 | D        | Killed a hippogriff
    60 | D        | Reached skill level 5 in Spellcasting
    60 | D        | Reached XP level 7. HP: 14/63 MP: 7/13
    72 | D        | HP: 2/63 [hippogriff (5)]
    73 | D        | Slain by a hippogriff

Skill      XL: |  1  2  3  4  5  6 |
---------------+-------------------+-----
Fighting       | 4 5 6 |  6.6
Long Blades    | 4 5 6 |  6.9
Armour         | 5 6 7 |  7.9
Stealth        | 4 6 7 8 |  8.4
Shields        | 5 6 7 8 |  8.0
Spellcasting   | 2 3 4 5 |  5.3

Action                   |  1- 3 |  4- 6 |  7- 9 || total
-------------------------+-------+-------+-------++-------
Melee: Long sword        |    11 |    28 |    13 ||    52
  Use: Potion            |     3 |     2 |       ||     5
Armor: Scale mail        |     6 |    44 |     9 ||    59
Dodge: Dodged            |     1 |    17 |     6 ||    24
Block: Shield            |     3 |    34 |    17 ||    54
       Rpst.: Long sword |       |     3 |       ||     3
